TOP OF THE 1ST |
Key West Barracudas batting - Pitching for New Hampshire Fisher Cats : LHP Kent Robinson
|
Pitching: LHP Kent Robinson
|
|
Batting: RHB Luis Pineda
|
0-0: Ball 1-0: Ball 2-0: Ball 3-0: Base on Balls
|
Batting: RHB Dave Nelson
|
0-0: Called Strike Luis Pineda is caught stealing 2nd base 0-1: Ball 1-1: SINGLE (Line Drive, 9LS)
|
Batting: SHB Martín De Jesús
|
0-0: Called Strike 0-1: TRIPLE (Groundball, 3L) Dave Nelson scores
|
Batting: RHB Ramiro Gámez
|
0-0: Fly out, F9 (Flyball, 89M) Runner from 3rd tags up, SCORES, throw made
|
Batting: RHB Luther Stoffels
|
0-0: Ball 1-0: Called Strike 1-1: Ball 2-1: Ball 3-1: SINGLE (Line Drive, 4D)
|
Batting: RHB Kenny Cole
|
0-0: Ball 1-0: Called Strike 1-1: Ball 2-1: Reached on error, E6 (Groundball, 6) Luther Stoffels to third
|
Batting: LHB Jake Wells
|
0-0: Ball 1-0: Ball 2-0: Ground out 6-3 (Groundball, 6)
|
Top of the 1st over - 2 run(s), 3 hit(s), 1 error(s), 2 left on base; Key West 2 - New Hampshire 0 |
BOTTOM OF THE 1ST |
New Hampshire Fisher Cats batting - Pitching for Key West Barracudas : LHP Pedro Santana
|
Pitching: LHP Pedro Santana
|
|
Batting: RHB Lu-fang Huie
|
0-0: Ball 1-0: Ball 2-0: Ball 3-0: Base on Balls
|
Batting: RHB Matt Silver
|
0-0: Called Strike 0-1: Ball 1-1: Called Strike 1-2: Fielders Choice at 2nd, 6-4 (Groundball, 6)
|
Batting: RHB Roberto Peńa
|
0-0: Called Strike 0-1: Foul Ball, location: 2F 0-2: Ball 1-2: Fly out, F2 (Popup, 23F)
|
Batting: LHB Sam Barnes
|
0-0: Called Strike Matt Silver is caught stealing 2nd base
|
Bottom of the 1st over - 0 run(s), 0 hit(s), 0 error(s), 0 left on base; Key West 2 - New Hampshire 0 |
TOP OF THE 2ND |
Key West Barracudas batting - Pitching for New Hampshire Fisher Cats : LHP Kent Robinson
|
Batting: SHB Rodney Birling
|
0-0: Foul Ball, location: 2F 0-1: Ball 1-1: Swinging Strike 1-2: Foul Ball, location: 2F 1-2: Strikes out looking
|
Batting: RHB Dan Craft
|
0-0: Ball 1-0: Fly out, F2 (Popup, 2RF)
|
Batting: RHB Luis Pineda
|
0-0: Called Strike 0-1: Ball 1-1: Ball 2-1: Ball 3-1: Foul Ball, location: 2F 3-2: Fly out, F6 (Popup, 6M)
|
Top of the 2nd over - 0 run(s), 0 hit(s), 0 error(s), 0 left on base; Key West 2 - New Hampshire 0 |
BOTTOM OF THE 2ND |
New Hampshire Fisher Cats batting - Pitching for Key West Barracudas : LHP Pedro Santana
|
Batting: LHB Sam Barnes
|
0-0: Called Strike 0-1: Ball 1-1: Ball 2-1: Ball 3-1: Foul Ball, location: 2F 3-2: Base on Balls
|
Batting: RHB Phil Matthews
|
0-0: Swinging Strike 0-1: Foul Ball, location: 2F 0-2: Ball 1-2: Ball 2-2: Ball 3-2: Foul Ball, location: 2F 3-2: Strikes out looking
|
Batting: RHB Si-xun Li
|
0-0: SINGLE (Flyball, 56D) Sam Barnes to second
|
Batting: RHB Chris Parker
|
0-0: Fly out, F5 (Line Drive, 5)
|
Batting: RHB Sadao Kimura
|
0-0: Called Strike 0-1: Ball Wild Pitch! Sam Barnes to third Si-xun Li to second 1-1: Ball 2-1: Ball 3-1: Base on Balls
|
Batting: RHB Michael Woodruff
|
0-0: Ball 1-0: Foul Ball, location: 2F 1-1: Ball 2-1: Ball 3-1: Foul Ball, location: 2F 3-2: Base on Balls Sam Barnes scores Si-xun Li to third Sadao Kimura to second
|
Batting: RHB Lu-fang Huie
|
0-0: Foul Ball, location: 2F 0-1: Called Strike 0-2: Ball 1-2: Strikes out swinging
|
Bottom of the 2nd over - 1 run(s), 1 hit(s), 0 error(s), 3 left on base; Key West 2 - New Hampshire 1 |
TOP OF THE 3RD |
Key West Barracudas batting - Pitching for New Hampshire Fisher Cats : LHP Kent Robinson
|
Batting: RHB Dave Nelson
|
0-0: Called Strike 0-1: Swinging Strike 0-2: SINGLE (Flyball, 89S)
|
Batting: SHB Martín De Jesús
|
0-0: Called Strike 0-1: Foul Ball, location: 2F 0-2: Ball 1-2: Ball 2-2: Fielders Choice at 2nd, U6 (Groundball, 6M)
|
Batting: RHB Ramiro Gámez
|
0-0: Fly out, F8 (Flyball, 8LM)
|
Batting: RHB Luther Stoffels
|
0-0: Ground out 1-3 (Groundball, 13S)
|
Top of the 3rd over - 0 run(s), 1 hit(s), 0 error(s), 1 left on base; Key West 2 - New Hampshire 1 |
BOTTOM OF THE 3RD |
New Hampshire Fisher Cats batting - Pitching for Key West Barracudas : LHP Pedro Santana
|
Batting: RHB Matt Silver
|
0-0: Fly out, F8 (Flyball, 89M)
|
Batting: RHB Roberto Peńa
|
0-0: Ball 1-0: Fly out, F7 (Flyball, 78XD)
|
Batting: LHB Sam Barnes
|
0-0: Called Strike 0-1: Ball 1-1: Foul Ball, location: 2F 1-2: Foul Ball, location: 2F 1-2: Foul Ball, location: 2F 1-2: Foul Ball, location: 2F 1-2: Ball 2-2: Strikes out swinging
|
Bottom of the 3rd over - 0 run(s), 0 hit(s), 0 error(s), 0 left on base; Key West 2 - New Hampshire 1 |
TOP OF THE 4TH |
Key West Barracudas batting - Pitching for New Hampshire Fisher Cats : LHP Kent Robinson
|
Batting: RHB Kenny Cole
|
0-0: Called Strike 0-1: Ball 1-1: SINGLE (Groundball, 56D)
|
Batting: LHB Jake Wells
|
0-0: Ball 1-0: Foul Ball, location: 2F 1-1: Foul Ball, location: 2F 1-2: Ball 2-2: Foul Ball, location: 2F 2-2: Strikes out swinging
|
Batting: SHB Rodney Birling
|
0-0: Ball 1-0: Foul Ball, location: 2F 1-1: Foul Ball, location: 2F 1-2: Ball 2-2: Strikes out swinging
|
Batting: RHB Dan Craft
|
0-0: Called Strike 0-1: Foul Ball, location: 2F 0-2: Strikes out swinging
|
Top of the 4th over - 0 run(s), 1 hit(s), 0 error(s), 1 left on base; Key West 2 - New Hampshire 1 |
BOTTOM OF THE 4TH |
New Hampshire Fisher Cats batting - Pitching for Key West Barracudas : LHP Pedro Santana
|
Batting: RHB Phil Matthews
|
0-0: Foul Ball, location: 2F 0-1: SOLO HOME RUN (Flyball, 78XD), Distance : 434 ft
|
Batting: RHB Si-xun Li
|
0-0: Called Strike 0-1: Hit by Pitch
|
Batting: RHB Chris Parker
|
0-0: DOUBLE (Groundball, 3D) Si-xun Li to third
|
Batting: RHB Sadao Kimura
|
0-0: Ground out 1-3 (Groundball, 23)
|
Batting: RHB Michael Woodruff
|
0-0: Ball 1-0: Ball 2-0: Ball 3-0: Called Strike 3-1: Fly out, F2 (Popup, 2LF)
|
Batting: RHB Lu-fang Huie
|
0-0: TRIPLE (Line Drive, 3L) Si-xun Li scores Chris Parker scores
|
Batting: RHB Matt Silver
|
0-0: DOUBLE (Flyball, 7D) Lu-fang Huie scores
|
Batting: RHB Roberto Peńa
|
0-0: Ball 1-0: Ball 2-0: Ball 3-0: Called Strike 3-1: SINGLE (Popup, 8RS) Matt Silver to third Runner from 3rd tries for Home, SAFE, no throw or cutoff
|
Batting: LHB Sam Barnes
|
0-0: Foul Ball, location: 2F 0-1: Ball 1-1: Swinging Strike 1-2: Strikes out swinging
|
Bottom of the 4th over - 5 run(s), 5 hit(s), 0 error(s), 1 left on base; Key West 2 - New Hampshire 6 |
TOP OF THE 5TH |
Key West Barracudas batting - Pitching for New Hampshire Fisher Cats : LHP Kent Robinson
|
Batting: RHB Luis Pineda
|
0-0: Ball 1-0: Ball 2-0: Fly out, F4 (Popup, 4)
|
Batting: RHB Dave Nelson
|
0-0: Ball 1-0: Foul Ball, location: 2F 1-1: Foul Ball, location: 2F 1-2: Foul Ball, location: 2F 1-2: Strikes out swinging
|
Batting: SHB Martín De Jesús
|
0-0: Ball 1-0: Ball 2-0: Called Strike 2-1: Swinging Strike 2-2: SINGLE (Groundball, 34D)
|
Batting: RHB Ramiro Gámez
|
0-0: Ball 1-0: Fielders Choice at 2nd, 6-4 (Groundball, 6)
|
Top of the 5th over - 0 run(s), 1 hit(s), 0 error(s), 0 left on base; Key West 2 - New Hampshire 6 |
BOTTOM OF THE 5TH |
New Hampshire Fisher Cats batting - Pitching for Key West Barracudas : LHP Pedro Santana
|
Batting: RHB Phil Matthews
|
0-0: Foul Ball, location: 2F 0-1: Swinging Strike 0-2: Ball 1-2: Ball 2-2: Ball 3-2: Foul Ball, location: 2F 3-2: Ground out 6-3 (Groundball, 6)
|
Batting: RHB Si-xun Li
|
0-0: Ball 1-0: Swinging Strike 1-1: Ball 2-1: Called Strike 2-2: Strikes out looking
|
Batting: RHB Chris Parker
|
0-0: Swinging Strike 0-1: Swinging Strike 0-2: Strikes out swinging
|
Bottom of the 5th over - 0 run(s), 0 hit(s), 0 error(s), 0 left on base; Key West 2 - New Hampshire 6 |
TOP OF THE 6TH |
Key West Barracudas batting - Pitching for New Hampshire Fisher Cats : LHP Kent Robinson
|
Batting: RHB Luther Stoffels
|
0-0: Ground out 6-3 (Groundball, 6)
|
Batting: RHB Kenny Cole
|
0-0: Ball 1-0: Ball 2-0: Called Strike 2-1: Ball 3-1: Reached on error, E5 (Groundball, 5S)
|
Batting: LHB Jake Wells
|
0-0: Ball 1-0: Called Strike 1-1: Ball 2-1: Foul Ball, location: 2F 2-2: Strikes out swinging Kenny Cole steals 2nd base Batter strikes out.
|
Batting: SHB Rodney Birling
|
0-0: Called Strike 0-1: Ball 1-1: Foul Ball, location: 2F 1-2: Foul Ball, location: 2F 1-2: Foul Ball, location: 2F 1-2: Ground out 5-3 (Groundball, 56)
|
Top of the 6th over - 0 run(s), 0 hit(s), 1 error(s), 1 left on base; Key West 2 - New Hampshire 6 |
BOTTOM OF THE 6TH |
New Hampshire Fisher Cats batting - Pitching for Key West Barracudas : LHP Pedro Santana
|
Pitching: RHP Carlos Molina
|
|
Batting: RHB Sadao Kimura
|
0-0: Ball 1-0: SINGLE (Groundball, 15) (infield hit)
|
Batting: RHB Michael Woodruff
|
0-0: Ball 1-0: Called Strike 1-1: Ball 2-1: Called Strike 2-2: Ball 3-2: SINGLE (Line Drive, 6D) Sadao Kimura to second Sadao Kimura to third
|
Batting: RHB Lu-fang Huie
|
0-0: Called Strike 0-1: Ground out 6-3 (Groundball, 56D) Sadao Kimura scores Michael Woodruff to second
|
Batting: RHB Matt Silver
|
0-0: Ball 1-0: Ball 2-0: Ball 3-0: Called Strike 3-1: Base on Balls
|
Batting: RHB Roberto Peńa
|
0-0: Ball 1-0: Ball 2-0: Foul Ball, location: 2F 2-1: Fly out, F8 (Flyball, 8LM)
|
Batting: LHB Sam Barnes
|
0-0: Ball 1-0: SINGLE (Groundball, 4MD) Michael Woodruff to third Matt Silver to second
|
Batting: RHB Phil Matthews
|
0-0: Foul Ball, location: 2F 0-1: Fly out, F7 (Line Drive, 78M)
|
Bottom of the 6th over - 1 run(s), 3 hit(s), 0 error(s), 3 left on base; Key West 2 - New Hampshire 7 |
TOP OF THE 7TH |
Key West Barracudas batting - Pitching for New Hampshire Fisher Cats : LHP Kent Robinson
|
Pitching: RHP Ramón Pérez
|
|
Batting: RHB Dan Craft
|
0-0: Ball 1-0: Foul Ball, location: 2F 1-1: Ball 2-1: Called Strike 2-2: Ball 3-2: Strikes out swinging
|
Batting: RHB Luis Pineda
|
0-0: Ball 1-0: Called Strike 1-1: Foul Ball, location: 2F 1-2: Ball 2-2: Ball 3-2: Ground out 4-3 (Groundball, 4)
|
Batting: RHB Dave Nelson
|
0-0: Called Strike 0-1: Ball 1-1: Swinging Strike 1-2: Strikes out swinging
|
Top of the 7th over - 0 run(s), 0 hit(s), 0 error(s), 0 left on base; Key West 2 - New Hampshire 7 |
BOTTOM OF THE 7TH |
New Hampshire Fisher Cats batting - Pitching for Key West Barracudas : RHP Carlos Molina
|
Batting: RHB Si-xun Li
|
0-0: Called Strike 0-1: Swinging Strike 0-2: Ball 1-2: Ball 2-2: Ground out 5-3 (Groundball, 5L)
|
Batting: RHB Chris Parker
|
0-0: Called Strike 0-1: Foul Ball, location: 2F 0-2: Ball 1-2: Foul Ball, location: 2F 1-2: Ball 2-2: Foul Ball, location: 2F 2-2: SOLO HOME RUN (Flyball, 8LXD) (Inside the Park)
|
Pitching: RHP Steven O'Brien
|
|
Batting: RHB Sadao Kimura
|
0-0: Called Strike 0-1: Ball 1-1: Ball 2-1: Fly out, F4 (Popup, 34D)
|
Batting: RHB Michael Woodruff
|
0-0: Swinging Strike 0-1: Foul Ball, location: 2F 0-2: Fly out, F9 (Flyball, 9S)
|
Bottom of the 7th over - 1 run(s), 1 hit(s), 0 error(s), 0 left on base; Key West 2 - New Hampshire 8 |
TOP OF THE 8TH |
Key West Barracudas batting - Pitching for New Hampshire Fisher Cats : RHP Ramón Pérez
|
Batting: SHB Martín De Jesús
|
0-0: Foul Ball, location: 2F 0-1: Swinging Strike 0-2: Strikes out swinging
|
Batting: RHB Ramiro Gámez
|
0-0: Called Strike 0-1: Foul Ball, location: 2F 0-2: Ball 1-2: Ball 2-2: Ball 3-2: Foul Ball, location: 2F 3-2: Foul Ball, location: 2F 3-2: Strikes out looking
|
Batting: RHB Luther Stoffels
|
0-0: Ground out 6-3 (Groundball, 6)
|
Top of the 8th over - 0 run(s), 0 hit(s), 0 error(s), 0 left on base; Key West 2 - New Hampshire 8 |
BOTTOM OF THE 8TH |
New Hampshire Fisher Cats batting - Pitching for Key West Barracudas : RHP Steven O'Brien
|
Batting: RHB Lu-fang Huie
|
0-0: Called Strike 0-1: Foul Ball, location: 2F 0-2: Strikes out swinging
|
Batting: RHB Matt Silver
|
0-0: SINGLE (Line Drive, 7LS)
|
Batting: RHB Roberto Peńa
|
0-0: Ball Wild Pitch! Matt Silver to second 1-0: Ball 2-0: Ball 3-0: Base on Balls
|
Batting: LHB Sam Barnes
|
0-0: Fielders Choice at 2nd, 4-6 (Groundball, 4) Matt Silver to third
|
Batting: RHB Phil Matthews
|
0-0: Called Strike 0-1: Fly out, F2 (Popup, 2LF)
|
Bottom of the 8th over - 0 run(s), 1 hit(s), 0 error(s), 2 left on base; Key West 2 - New Hampshire 8 |
TOP OF THE 9TH |
Key West Barracudas batting - Pitching for New Hampshire Fisher Cats : RHP Ramón Pérez
|
Now at 3B: Scott Briggs
|
|
Batting: RHB Kenny Cole
|
0-0: Ball 1-0: Swinging Strike 1-1: Foul Ball, location: 2F 1-2: Strikes out looking
|
Pitching: RHP Armando Rodríguez
|
|
Batting: LHB Jake Wells
|
0-0: Called Strike 0-1: Fly out, F8 (Flyball, 8LS)
|
Batting: SHB Rodney Birling
|
0-0: Ball 1-0: Ball 2-0: Called Strike 2-1: SINGLE (Line Drive, 56)
|
Batting: RHB Dan Craft
|
0-0: Foul Ball, location: 2F 0-1: Called Strike 0-2: Ball 1-2: Strikes out looking
|
Top of the 9th over - 0 run(s), 1 hit(s), 0 error(s), 1 left on base; Key West 2 - New Hampshire 8 |
|